 Dungeon Sprint DCSS version 0.31-a0-18-gea43df2a32 (webtiles) character file.

Game seed: 14173543923148707660

2325 sircluck the Grappler (level 9, -9/151 HPs)
             Began as a Troll Berserker on May 10, 2023.
             Was an Elder of Trog.
             Mangled by a centaur warrior (13 damage)
             ... in the Dungeon (Sprint II: "The Violet Keep of Menkaure").
             The game lasted 00:03:47 (420 turns).

sircluck the Grappler (Troll Berserker)              Turns: 420, Time: 00:03:48

Health: -9/151     AC:  0    Str: 31    XL:     9   Next: 19%
Magic:  3/8        EV: 16    Int:  3    God:    Trog [****..]
Gold:   27         SH:  0    Dex:  7    Spells: 8/8 levels left

rFire   . .          .
                       - Unarmed
rCold   . . .        (shield currently unavailable)
rNeg    . . .        a - melded +0 animal skin
rPois   .            (helmet currently unavailable)
rElec   .            (cloak currently unavailable)
rCorr   .            (gloves unavailable)
SInv    .            (boots unavailable)
Will    .....        (no amulet) Stlth
                     i - melded ring of the Heron {rF+ rN+ MP-9 Slay+6}
HPRegen 1.25/turn    j - melded ring of flight
MPRegen 0.11/turn

%: no teleportation
@: berserking, pig-form, hasted and slowed, very quick
A: fast, no casting, small, unfitting armour, (claws 3), regeneration 1, (shaggy
fur 1), (tough skin 1), clumsy 1
a: Renounce Religion, Berserk, Trog's Hand, Brothers in Arms


You were in the Dungeon.
You worshipped Trog.
Trog was greatly pleased with you.
You were a filthy swine.
You visited 1 branch You collected 972 gold pieces.
You spent 945 gold pieces at shops.

Inventory:

Armour
 a - a +0 animal skin (melded)
Jewellery
 i - the ring of the Heron (melded) {rF+ rN+ MP-9 Slay+6}
   (You bought it in a shop in the Dungeon)

   [ring of protection from fire]

   Slay:      It affects your accuracy & damage with ranged weapons and melee
   (+6).
   rF:        It protects you from fire.
   rN:        It protects you from negative energy.
   MP:        It affects your magic capacity (-9).
 j - a ring of flight (melded)
Scrolls
 h - a scroll of magic mapping
Potions
 e - 2 potions of magic
 f - a potion of berserk rage


   Skills:
 + Level 10.2 Fighting
 + Level 9.9 Dodging
 + Level 13.7 Unarmed Combat


You had 8 spell levels left.
You didn't know any spells.
Your spell library was empty.

Dungeon Overview and Level Annotations

Branches:
Dungeon (1/1)

Altars:

Shops:
D ![:=!!=:(:[!=?(

Annotations:
D exclusion: oklob plant, Kirke


Innate Abilities, Weirdness & Mutations

You are a filthy swine.
You move quickly.
Your equipment is almost entirely melded.
You are incapable of wielding weapons or throwing items.
You cannot cast spells.
You are too large for most types of armour.
((You have claws for hands.))
Your natural rate of healing is unusually fast.
((You are covered in fur. (AC +1)))
((You have tough skin. (AC +1)))
You are clumsy. (Dex -2)


Message History

You feel much better.
The barbed spikes dig painfully into your body as you move.
* * * LOW HITPOINT WARNING * * *
You feel better.
You carefully extract the barbed spikes from your body.
Something unseen opens the door.
The manticore flicks its tail.
The volley of spikes misses you.
Unknown command.
You feel yourself speed up.
There is an open door, spattered with blood here.
The manticore flicks its tail.
The volley of spikes misses you.
The centaur warrior wields a +0 shortbow.
The centaur warrior shoots an arrow.
The arrow misses you.
There is a staircase leading out of the dungeon here.
The centaur warrior shoots an arrow.
The arrow hits you!!
* * * LOW HITPOINT WARNING * * *
There is an open door, spattered with blood here.
The centaur warrior shoots an arrow.
The arrow barely misses you.
You close the door.
The centaur warrior unwields a +0 shortbow.
The centaur warrior hits you.
* * * LOW HITPOINT WARNING * * *
The centaur warrior kicks you.
* * * LOW HITPOINT WARNING * * *
You bite the centaur warrior!
The centaur warrior is lightly wounded.
The centaur warrior hits you!
* * * LOW HITPOINT WARNING * * *
The centaur warrior kicks you.
* * * LOW HITPOINT WARNING * * *
You closely miss the centaur warrior.
The centaur warrior is lightly wounded.
You recover from your berserk rage.
The centaur warrior misses you. The centaur warrior kicks you.
* * * LOW HITPOINT WARNING * * *
A red film seems to cover your vision as you go berserk!
You feel yourself moving faster!
You feel mighty! The centaur warrior hits you!
You die...

$cc.§~## ≈ #####~c#+++#
####~{~......
...#c~~~.##+##
...#H~~~##.#.##
...#~~~~#..#..#
∩..#~~####...####
...#~##.###'###c##
∩.∩#~#H..##÷##.#h#
.∩.+~'###c.<.+##.+..#
..∩#~#.Y.##.###..#.§§.#
▓###~##.###÷###.##§§....
####~~####.#.#### .....
$ ##~~~#.###.# §~~.. .#
+#~##.#.## ~~§. ##§
~~##+## ~~ #≈§ ~~


You could see a centaur warrior.

Vanquished Creatures
  2 boulder beetles (D)
  2 wyverns (D)
  Menkaure (D)
  4 neqoxecs (D)
  4 necrophages (D)
13 creatures vanquished.

Vanquished Creatures (others)
  A water moccasin (D)
1 creature vanquished.

Grand Total: 14 creatures vanquished

Notes
Turn   | Place    | Note
-------+----------+-------------------------------------------
     0 | D        | sircluck the Troll Berserker began the quest for the Orb.
     0 | D        | Reached XP level 1. HP: 22/22 MP: 0/0
     1 | D        | Noticed a necrophage
     1 | D        | Noticed a necrophage
     1 | D        | Noticed a necrophage
     1 | D        | Noticed a necrophage
     7 | D        | Killed a necrophage
     8 | D        | Reached skill level 5 in Unarmed Combat
     8 | D        | Reached XP level 2. HP: 33/33 MP: 1/1
     8 | D        | Reached XP level 3. HP: 40/40 MP: 2/2
    12 | D        | Killed a necrophage
    13 | D        | Reached skill level 5 in Fighting
    13 | D        | Reached skill level 5 in Dodging
    13 | D        | Reached skill level 6 in Unarmed Combat
    13 | D        | Reached XP level 4. HP: 50/50 MP: 3/3
    16 | D        | Killed a necrophage
    16 | D        | Reached ** piety under Trog
    17 | D        | Reached skill level 7 in Unarmed Combat
    17 | D        | Reached XP level 5. HP: 59/59 MP: 4/4
    62 | D        | Noticed a boulder beetle
    62 | D        | Noticed a boulder beetle
    63 | D        | Killed a water moccasin
    66 | D        | Noticed a wyvern
    66 | D        | Noticed a wyvern
    70 | D        | Noticed a neqoxec
    70 | D        | Gained mutation: You are clumsy. (Dex -2) [a neqoxec]
    73 | D        | Noticed a neqoxec
    76 | D        | Killed a neqoxec
    76 | D        | Noticed a neqoxec
    77 | D        | Reached skill level 8 in Unarmed Combat
    77 | D        | Reached XP level 6. HP: 71/71 MP: 5/5
    81 | D        | Killed a neqoxec
    81 | D        | Reached *** piety under Trog
    82 | D        | Reached skill level 9 in Unarmed Combat
    86 | D        | Killed a neqoxec
    87 | D        | Reached skill level 10 in Unarmed Combat
    87 | D        | Reached XP level 7. HP: 80/80 MP: 6/6
    87 | D        | Noticed a neqoxec
    89 | D        | Killed a neqoxec
   132 | D        | Killed a wyvern
   133 | D        | Reached skill level 11 in Unarmed Combat
   137 | D        | Killed a wyvern
   137 | D        | Reached **** piety under Trog
   138 | D        | Reached XP level 8. HP: 91/91 MP: 7/7
   199 | D        | Killed a boulder beetle
   200 | D        | Reached skill level 12 in Unarmed Combat
   205 | D        | Killed a boulder beetle
   206 | D        | Reached skill level 10 in Fighting
   206 | D        | Reached skill level 13 in Unarmed Combat
   206 | D        | Reached XP level 9. HP: 73/101 MP: 8/8
   245 | D        | Found Pipnieb's Magic Scroll Boutique.
   245 | D        | Found Bemira Zaumn's Book Boutique.
   245 | D        | Found Geestru's Antique Armour Boutique.
   245 | D        | Found Nieduix's Antique Weapon Shop.
   246 | D        | Found Isimetosch's Antique Weapon Shop.
   246 | D        | Found Bablinko's Distillery.
   246 | D        | Found Japp's Book Shop.
   247 | D        | Found Javi's Jewellery Shop.
   247 | D        | Found Ungahof's Distillery.
   248 | D        | Found Zeureiddij's Jewellery Boutique.
   249 | D        | Found Kopilem's Distillery.
   249 | D        | Found Emedgh's Jewellery Boutique.
   249 | D        | Noticed Menkaure
   249 | D        | Noticed an ice dragon
   249 | D        | Noticed an oklob plant
   250 | D        | Found Zeenak's Antique Armour Shop.
   250 | D        | Found Hekoetam's Distillery.
   250 | D        | Found Def Leum's Book Shoppe.
   262 | D        | Killed Menkaure
   264 | D        | Noticed a polar bear
   265 | D        | Noticed a polar bear
   292 | D        | Bought a scroll of magic mapping for 105 gold pieces
   293 | D        | Bought the ring of the Heron {rF+ rN+ MP-9 Slay+6} for 595
                  | gold pieces
   293 | D        | Bought a ring of flight for 245 gold pieces
   380 | D        | Noticed an elephant
   380 | D        | Noticed a centaur warrior
   380 | D        | Noticed a yaktaur captain
   380 | D        | Noticed a kobold demonologist
   381 | D        | Noticed Kirke
   381 | D        | Noticed a skeletal warrior
   388 | D        | Noticed a manticore
   398 | D        | HP: 4/101 [barbs]
   418 | D        | HP: 4/101 [centaur warrior (2)]
   420 | D        | Mangled by a centaur warrior

Illustrated notes

Levels and vault maps discovered:
D:        the_violet_keep_of_menkaure [sprint2_stairs_cluster_1,
          sprint2_shoproom, sprint2_temple, sprint2_basic_supplies,
          sprint2_obstacle_2, sprint2_obstacle_6, sprint2_obstacle_7,
          sprint2_obstacle_1, sprint2_obstacle_5, sprint2_timed_cluster_1,
          sprint2_smallroom_cluster_1, sprint2_smallroom_final_cluster_1,
          sprint2_transparent_cluster_1, sprint2_second_timed_cluster_1,
          sprint2_sniper_area_1, sprint2_heavy_combat_area_1,
          sprint2_mutation_trap_area_1, sprint2_forest_area_1,
          sprint2_light_combat_area_1, sprint2_behind_water_1,
          sprint2_near_end_vault_1]

Skill      XL: |  1  2  3  4  5  6  7  8 |
---------------+-------------------------+-----
Fighting       | 4 5 7 8 10 | 10.2
Dodging        | 4 5 6 7 8 9 |  9.9
Unarmed Combat | 5 6 7 8 10 11 13 | 13.7

Action                     |  1- 3 |  4- 6 |  7- 9 || total
---------------------------+-------+-------+-------++-------
  Melee: Unarmed           |     7 |    21 |    36 ||    64
         Punch             |     1 |       |     2 ||     3
 Invoke: Berserk           |     1 |     1 |     4 ||     6
    Use: Potion            |       |       |     3 ||     3
         Scroll            |       |       |     1 ||     1
 Armour: Animal skin       |     2 |     2 |     2 ||     6
  Dodge: Dodged            |       |     7 |    18 ||    25

Table legend: (Time is in decaauts)
 A = Elapsed time spent in this place.
 B = Non-inter-level travel time spent in this place.
 C = Inter-level travel time spent in this place.
 D = Time resting spent in this place.
 E = Time spent auto-exploring this place.
 F = Levels seen in this place.
 G = Mean time per level.
                   A        B        C        D        E       F      G
               +--------+--------+--------+--------+--------+-----+--------+
         Total |    444 |    412 |     32 |    251 |     15 |   1 |  444.0 |
       Dungeon |    444 |    412 |     32 |    251 |     15 |   1 |  444.0 |
               +--------+--------+--------+--------+--------+-----+--------+

Top non-repeatable levels by time:
       D: 444 daAuts
